 Dungeon Crawl Stone Soup version bcrawl-1.27.7 (webtiles) character file.

Game seed: 15751040240947658078

297353 MisterOstroum the Gusty (level 9, -1/56 HPs)
             Began as a Fairy Wanderer on Oct 25, 2020.
             Was a Follower of Sif Muna.
             Shot with an arrow by a centaur warrior (6 damage)
             ... on level 7 of the Dungeon.
             The game lasted 00:20:11 (5081 turns).

MisterOstroum the Gusty (Fairy Wanderer)            Turns: 5081, Time: 00:20:11

Health: -1/56      AC:  9    Str: 10    XL:     9   Next: 24%
Magic:  0/20       EV: 17    Int: 18    God:    Sif Muna [*.....]
Gold:   296        SH:  6    Dex: 15    Spells: 1/21 levels left

rFire    . . .     SeeInvis .   a - +0 dagger (venom)
rCold    . . .     Gourm    .   (shield restricted)
rNeg     . . .     Faith    .   (armour unavailable)
rPois    .         Spirit   +   s - +0 helmet
rElec    .         Reflect  .   f - +0 cloak
rCorr    .         Harm     .   (no gloves)
MR       .....                  r - +0 pair of boots
Stlth    +.........             x - amulet of guardian spirit
HPRegen  0.18/turn              q - +2 ring of dexterity
MPRegen  0.17/turn              (no ring)

@: about to teleport, flying evasively, divine energy
A: small, magic attunement, unstealthy, unfitting armour, able to fly, AC/SH +6
a: Stop Flying, Stop Divine Energy, Renounce Religion


You were on level 7 of the Dungeon.
You worshipped Sif Muna.
Sif Muna was aware of your devotion.
You were not hungry.

You visited 1 branch of the dungeon, and saw 7 of its levels.

You collected 498 gold pieces.
You spent 202 gold pieces at shops.

Inventory:

Hand Weapons
 a - a +0 dagger of venom (weapon)
 w - a +0 shortbow
Missiles
 c - 514 bolts
 i - 635 arrows
 m - 872 stones (quivered)
 t - 81 poisoned tomahawks
 u - 225 sling bullets
Armour
 f - a +0 cloak (worn)
 r - a +0 pair of boots (worn)
 s - a +0 helmet (worn)
Jewellery
 b - an uncursed amulet of regeneration
 q - a +2 ring of dexterity (left hand)
 x - an amulet of guardian spirit (around neck)
 G - an uncursed amulet of the gourmand {unknown}
Wands
 E - a wand of iceblast (7)
Scrolls
 d - 4 scrolls of teleportation
 h - 4 scrolls of remove curse
 j - 2 scrolls of amnesia {unknown}
 l - 2 scrolls of fear
 o - a scroll of blinking {unknown}
 v - a scroll of enchant weapon {unknown}
 y - a scroll of magic mapping {unknown}
 D - a scroll of summoning {unknown}
 H - a scroll of identify {@r1}
Potions
 g - a potion of agility {@q5 !q}
 k - 3 potions of cancellation
 n - 3 potions of mutation
 p - 2 potions of magic
 z - a potion of experience {unknown}
 A - 2 potions of curing
 B - a potion of heal wounds
 C - a potion of haste {@q4 !q}
Comestibles
 e - 9 rations {!d}
 F - 15 chunks of flesh


   Skills:
 - Level 3.0 Fighting
 - Level 1.5 Short Blades
 - Level 3.0 Dodging
 - Level 1.2 Stealth
   Level 2.4 Shields
 - Level 6.6 Spellcasting
 + Level 7.1 Conjurations
   Level 1.0 Necromancy
 - Level 3.0 Translocations
 + Level 2.1 Transmutations
 - Level 4.0 Fire Magic
 - Level 7.9 Air Magic
 - Level 3.0 Poison Magic


You had one spell level left.
You knew the following spells:

 Your Spells              Type           Power        Failure   Level  Hunger
a - Magic Dart            Conj           ####         1%          1    None
b - Static Discharge      Air            ####....     1%          3    None
c - Iskenderun's Mystic   Conj           ####....     1%          3    None
d - Conjure Flame         Conj/Fire      ####....     3%          3    None
e - Mephitic Cloud        Conj/Pois/Air  ####....     3%          3    None
f - Ice Form              Ice/Tmut       #.......     58%         4    None
A - Beastly Appendage     Tmut           ##....       4%          1    None
B - Blink                 Tloc           N/A          4%          2    None

Your spell library contained the following spells:

 Spells                   Type           Power        Failure   Level  Hunger
 Shock                    Conj/Air       ####.        1%          1    None
 Summon Small Mammal      Summ           #...         12%         1    None
 Searing Ray              Conj           ####....     1%          2    None
 Swiftness                Chrm/Air       ###.....     3%          2    None
 Airstrike                Air            ####......   4%          4    None
 Sticks to Snakes         Tmut           ##......     7%          2    None
 Passwall                 Tmut/Erth      #.......     11%         2    None
 Spider Form              Tmut/Pois      ###          12%         3    None
 Lightning Bolt           Conj/Air       ####......   14%         5    None
 Call Imp                 Summ           #.....       17%         2    None
 Fulminant Prism          Conj/Hex       ###.......   26%         4    None
 Call Canine Familiar     Summ           #.......     34%         3    None
 Irradiate                Conj/Tmut      ###.......   43%         5    None
 Summon Lightning Spire   Summ/Air       ###.....     52%         5    None
 Summon Ice Beast         Ice/Summ       #.......     75%         4    None
 Blade Hands              Tmut           ##........   78%         5    None


Dungeon Overview and Level Annotations

Branches:
Dungeon (7/12)             Temple (0/1) D:6
   Lair: D:7-9

Altars:
Dithmenos
Gozag
Okawaru
Sif Muna
Trog
Wu Jian
Xom
Yredelemnul
The Shining One

Shops:
D:7 *

Annotations:
D:3 2 transporters, yrara's ghost, amateur DsFi


Innate Abilities, Weirdness & Mutations

Your spells do not cause hunger and MP costs are reduced by 1.
Your bright wings attract enemies. (Stealth-)
You cannot fit into any form of body armour.
Your shimmering scales are hard and can block incoming attacks. (AC +6, SH +6)
You are small and have problems with some larger weapons.
You can fly continuously.


Message History

Things that are here:
a +0 flail; an orc skeleton You butcher the orc corpse.
F - 5 chunks of flesh (gained 1)
Things that are here:
a +0 club; an orc skeleton
Things that are here:
a +0 club; an orc skeleton
Things that are here:
a +0 dagger; a +0 robe; an orc skeleton Key pressed, stopping explore.
You butcher the orc corpse.
F - 9 chunks of flesh (gained 4)
You butcher the orc corpse.
F - 11 chunks of flesh (gained 2)
Items here: )) ÷÷ a +0 falchion; a +2 dagger of speed; an orc skeleton x2
Items here: )) ÷÷ a +0 falchion; a +2 dagger of speed; an orc skeleton x2
You butcher the orc corpse.
F - 15 chunks of flesh (gained 4)
Things that are here:
a cursed -2 mace; an orc skeleton
Things that are here:
a cursed -2 mace; an orc skeleton You butcher the orc corpse.
F - 17 chunks of flesh (gained 2)
You see here an orc skeleton. x2
Items here: )) ÷÷ a +0 falchion; a +2 dagger of speed; an orc skeleton x2
You butcher the orc corpse.
F - 19 chunks of flesh (gained 2)
Things that are here:
a cursed -3 mace; an orc skeleton
Things that are here:
a cursed -3 mace; an orc skeleton Some of the chunks of flesh in your inventory have rotted away.
e - 9 rations {!d} (gained 1)
c - 514 bolts (gained 108);
m - 872 stones (gained 147)
G - a blackened soapstone amulet You see here a ring mail.
Some of the chunks of flesh in your inventory have rotted away.
H - a scroll of identify {@r1} A centaur warrior comes into view.
You have encountered a dangerous foe!
The centaur warrior shouts!
The centaur warrior wields a +0 shortbow of freezing.
It is covered in frost.
The centaur warrior shoots an arrow.
The arrow hits you!! The arrow freezes you!
You see here 8 gold pieces.
Unknown command.
Evoke which item? (* to show all) (? for menu, Esc to quit)
Aiming: Iceblast
Press: ? - help, Shift-Dir - straight line, f - you
Okay, then.
Unknown command.
Evoke which item? (* to show all) (? for menu, Esc to quit)
Okay, then.
Casting: Magic Dart (safe; 1% risk of failure)
Confirm with . or Enter, or press ? or * to list all spells.
You blink.
The centaur warrior shoots an arrow.
The arrow hits you!! The arrow freezes you!
Evoke which item? (* to show all) (? for menu, Esc to quit)
Aiming: Iceblast
Press: ? - help, Shift-Dir - straight line, f - centaur warrior
Aim: a centaur warrior, wielding a +0 shortbow of freezing and quivering 80 arrows The mass of ice explodes!
The iceblast engulfs the centaur warrior.
The centaur warrior is lightly wounded.
The centaur warrior shoots an arrow.
You block the arrow.
Evoke which item? (* to show all) (? for menu, Esc to quit)
Okay, then.
Okay, then.
You feel much better.
The centaur warrior shoots an arrow.
You block the arrow.
Casting: Blink (safe; 4% risk of failure)
Confirm with . or Enter, or press ? or * to list all spells.
You blink.
Found a stone staircase leading down.
Evoke which item? (* to show all) (? for menu, Esc to quit)
Okay, then.
Unknown command.
Okay, then.
As you read the scroll of teleportation, it crumbles to dust.
You feel strangely unstable.
The centaur warrior shoots an arrow.
The arrow hits you!! The arrow freezes you!
* * * LOW HITPOINT WARNING * * *
The centaur warrior shoots an arrow.
You block the arrow.
The centaur warrior shoots an arrow.
The arrow hits you!
* * * LOW HITPOINT WARNING * * *
The arrow freezes you.
* * * LOW HITPOINT WARNING * * *
Your surroundings seem slightly different.
Okay, then.
Unknown command.
As you read the scroll of teleportation, it crumbles to dust.
You feel strangely unstable.
A hippogriff comes into view.
The hippogriff screeches!
The centaur warrior shoots an arrow.
The arrow hits you.
You die...

####)##......####..
###..##..###.# #
##...#..###..# ..
#...........#### .#
#......#.....#.##..
..##.####.........
..##..###......H.
..##............##
.......#........@#
....#..# #..?....##
....# .# #........#
....##..###.......#
.......#.......>.....#
.###...#..............
..# .#.#........#..#...
.###.#.....c.......##..
.....##..../.......# ##


You could see a centaur warrior and a hippogriff.

Vanquished Creatures
  A hippogriff (D:6)
  A hungry ghost (D:7)
  An orc warrior (D:7)
  A sky beast (D:6)
  An ice beast (D:5)
  2 phantoms
  2 ogres (D:4)
  A centaur (D:5)
  A bullfrog (D:6)
  A scorpion (D:4)
  2 crimson imps
  A centaur zombie (D:6)
  3 hounds
  A jelly (D:6)
  2 orc priests
  3 iguanas
  4 bullfrog skeletons
  Terence (D:2)
  3 orc wizards
  6 worker ants
  4 adders
  2 shadow imps
  An adder skeleton (D:4)
  6 worms
  A dart slug (D:2)
  7 leopard geckos
  20 orcs
  6 giant cockroaches
  6 goblins
  12 hobgoblins
  6 jackals
  2 quokkas
  A ball python (D:3)
  4 bats
  2 frilled lizards (D:1)
  A jackal skeleton (D:5)
  7 kobolds
  A quokka skeleton (D:6)
  8 rats
135 creatures vanquished.

Notes
Turn   | Place    | Note
-------+----------+-------------------------------------------
     0 | D:1      | MisterOstroum the Fairy Wanderer began the quest for the
                  | Orb.
     0 | D:1      | MisterOstroum set off with the following items: a +0
                  | dagger, a ration {!d}; and the following spells available
                  | to memorise: Beastly Appendage, Magic Dart, Summon Small
                  | Mammal, Sticks to Snakes, Passwall, Blink, Call Imp,
                  | Conjure Flame, Spider Form, Call Canine Familiar, Mephitic
                  | Cloud, Ice Form, Summon Ice Beast, Blade Hands, Summon
                  | Lightning Spire
     0 | D:1      | Reached XP level 1. HP: 11/11 MP: 10/10
     2 | D:1      | Learned a level 1 spell: Magic Dart
     4 | D:1      | Learned a level 1 spell: Beastly Appendage
    54 | D:1      | Reached skill level 1 in Fighting
    65 | D:1      | Reached XP level 2. HP: 14/18 MP: 11/11
   109 | D:1      | Learned a level 2 spell: Blink
   112 | D:1      | Reached skill level 1 in Conjurations
   351 | D:1      | Reached XP level 3. HP: 24/24 MP: 13/13
   473 | D:1      | Learned a level 3 spell: Conjure Flame
   477 | D:1      | Learned a level 3 spell: Mephitic Cloud
  1458 | D:2      | Reached XP level 4. HP: 30/30 MP: 14/14
  1577 | D:2      | Noticed Terence
  1593 | D:2      | Killed Terence
  1826 | D:3      | Found a transporter.
  1847 | D:3      | Found a glowing golden altar of the Shining One.
  1880 | D:3      | Found a transporter.
  1881 | D:3      | Noticed yrara's ghost (amateur DsFi)
  1937 | D:3      | Reached XP level 5. HP: 36/36 MP: 16/16
  2230 | D:4      | Noticed a phantom
  2334 | D:4      | Reached skill level 1 in Dodging
  2457 | D:4      | Found a shimmering altar of Xom.
  2457 | D:4      | Found a shimmering altar of Xom.
  2457 | D:4      | Found a shimmering altar of Xom.
  2458 | D:4      | Found a shimmering altar of Xom.
  2458 | D:4      | Found a shimmering altar of Xom.
  2462 | D:4      | Found a shimmering altar of Xom.
  2462 | D:4      | Found a shimmering altar of Xom.
  2564 | D:4      | Killed a phantom
  2564 | D:4      | Reached XP level 6. HP: 42/42 MP: 10/17
  2763 | D:4      | Reached skill level 5 in Conjurations
  2763 | D:4      | Reached XP level 7. HP: 41/46 MP: 12/18
  2803 | D:4      | Found an ornate altar of the Wu Jian Council.
  2804 | D:4      | Found an opulent altar of Gozag.
  3132 | D:4      | Found a basalt altar of Yredelemnul.
  3164 | D:4      | Found a shimmering blue altar of Sif Muna.
  3167 | D:4      | Became a worshipper of Sif Muna the Loreminder
  3195 | D:5      | Entered Level 5 of the Dungeon
  3214 | D:5      | Reached skill level 1 in Air Magic
  3214 | D:5      | Reached skill level 1 in Poison Magic
  3312 | D:5      | Reached skill level 1 in Translocations
  3401 | D:5      | Reached skill level 1 in Short Blades
  3440 | D:5      | Reached XP level 8. HP: 52/52 MP: 16/19
  3446 | D:5      | Reached skill level 1 in Stealth
  3450 | D:4      | Found an iron altar of Okawaru.
  3450 | D:4      | Found a shadowy altar of Dithmenos.
  3450 | D:4      | Found a bloodstained altar of Trog.
  3727 | D:5      | Reached * piety under Sif Muna
  3930 | D:5      | Learned a level 4 spell: Ice Form
  3960 | D:6      | Noticed a hippogriff
  3972 | D:6      | Killed a hippogriff
  3972 | D:6      | Received a gift from Sif Muna
  3988 | D:6      | Learned a level 3 spell: Iskenderun's Mystic Blast
  4044 | D:6      | Reached skill level 5 in Air Magic
  4435 | D:6      | Found a staircase to the Ecumenical Temple.
  4707 | D:7      | Found Pegiosaapp's Assorted Antiques.
  4710 | D:7      | Bought a scroll labeled VOWEG PIESOSM for 26 gold pieces
  4710 | D:7      | Bought a fizzy yellow potion for 23 gold pieces
  4710 | D:7      | Bought a scroll labeled KIDANYVEOVE for 26 gold pieces
  4710 | D:7      | Bought a fizzy yellow potion for 23 gold pieces
  4710 | D:7      | Bought a gold wand for 104 gold pieces
  4773 | D:7      | Reached XP level 9. HP: 56/56 MP: 10/20
  4872 | D:6      | Learned a level 3 spell: Static Discharge
  5070 | D:7      | Noticed a centaur warrior
  5081 | D:7      | Shot with an arrow by a centaur warrior

Skill      XL: |  1  2  3  4  5  6  7  8  9 |
---------------+----------------------------+-----
Fighting       | 1 2 3 |  3.0
Conjurations   | 1 2 4 5 6 7 |  7.1
Fire Magic     | 2 3 4 |  4.0
Dodging        | 2 3 |  3.0
Air Magic      | 2 7 |  7.9
Poison Magic   | 2 3 |  3.0
Translocations | 2 3 |  3.0
Short Blades   | 1 |  1.5
Stealth        | 1 |  1.2
Transmutations | 2 |  2.1
Shields        | |  2.4
Spellcasting   | |  6.6
Necromancy     | |  1.0

Action                   |  1- 3 |  4- 6 |  7- 9 || total
-------------------------+-------+-------+-------++-------
Melee: Dagger            |    13 |    27 |    23 ||    63
       Kick              |     1 |       |       ||     1
 Cast: Magic Dart        |   139 |   164 |   145 ||   448
       Beastly Appendage |     3 |       |       ||     3
       Mephitic Cloud    |     1 |    13 |    10 ||    24
       Conjure Flame     |     1 |     8 |    13 ||    22
       Blink             |       |     4 |    13 ||    17
       Iskenderun's Myst |       |       |    48 ||    48
       Static Discharge  |       |       |     1 ||     1
Invok: Divine Energy     |       |       |     1 ||     1
Evoke: Wand              |       |       |     1 ||     1
  Use: Scroll            |     1 |     4 |     8 ||    13
       Potion            |       |       |     1 ||     1
 Stab: Confused          |       |     4 |     3 ||     7
  Eat: Chunk             |     2 |     5 |    10 ||    17
Armor: Skin              |    15 |     7 |    11 ||    33
Dodge: Dodged            |    35 |    39 |    23 ||    97
Block: Other             |     3 |    11 |    18 ||    32
